 Dungeon Crawl Stone Soup version 0.31.0-11-ge490571c62 (webtiles) character file.

Game seed: 10046860334055612819

6 qw the Shooter (level 1, -2/10 HPs)
             Began as a Spriggan Hunter on Feb 4, 2024.
             Slain by a gnoll
             ... wielding a +0 spear
              (5 damage)
             ... on level 1 of the Dungeon.
             The game lasted 00:00:00 (34 turns).

qw the Shooter (Spriggan Hunter)                      Turns: 34, Time: 00:00:00

Health: -2/10      AC:  2    Str:  7    XL:     1   Next: 75%
Magic:  2/2        EV: 18    Int: 10    God:
Gold:   12         SH:  0    Dex: 18    Spells: 0/0 levels left

rFire   . . .        a - +0 shortbow
rCold   . . .        (shield currently unavailable)
rNeg    . . .        c - +0 robe
rPois   .            (helmet restricted)
rElec   .            (no cloak)
rCorr   .            (gloves unavailable)
SInv    +            (boots unavailable)
Will    .....        (no amulet)
Stlth   ++           (no ring)
HPRegen 0.21/turn    (no ring)
MPRegen 0.08/turn

%: no passive effects
@: very quick
A: very small, no large weapons, unfitting armour, see invisible, speed 3
a: no special abilities


You were on level 1 of the Dungeon.
You visited 1 branch of the dungeon, and saw 1 of its levels.

You collected 12 gold pieces.


Innate Abilities, Weirdness & Mutations

You are very small and have problems with some larger weapons.
You are too small for most types of armour.
You have supernaturally acute eyesight. (SInv)
You cover ground extremely quickly. (Speed+++)


   Skills:
 - Level 1.5 Fighting
 - Level 4.0 Ranged Weapons
 + Level 3.5 Dodging
 - Level 1.5 Stealth


You couldn't memorise any spells.
You didn't know any spells.
Your spell library was empty.

Inventory:

Hand Weapons
 a - a +0 shortbow (weapon)
Armour
 c - a +0 robe (worn)
Scrolls
 b - a scroll of butterflies

Dungeon Overview and Level Annotations

Branches:
Dungeon (1/15)

Altars:


Message History

The endoplasm quivers.
You shoot an arrow. The arrow hits the endoplasm.
The endoplasm is heavily wounded.
A ball python comes into view.
An endoplasm comes into view.
You shoot an arrow. The ball python hisses angrily.
The arrow hits the endoplasm.
You kill the endoplasm!
You shoot an arrow. The arrow hits the ball python.
You kill the ball python!
Your Dodging skill increases to level 3!
You shoot an arrow. The arrow hits the endoplasm.
The endoplasm is moderately wounded.
You shoot an arrow. The arrow hits the endoplasm!
You kill the endoplasm!
A rat comes into view.
You shoot an arrow. The rat squeaks loudly.
The arrow hits the rat.
You kill the rat!
A giant cockroach comes into view.
You shoot an arrow.
The arrow hits the giant cockroach but does no damage.
You shoot an arrow. The arrow hits the giant cockroach!
You kill the giant cockroach!
You now have 12 gold pieces.
A gnoll comes into view. It is wielding a +0 spear.
You shoot an arrow.
The arrow hits the gnoll but does no damage.
The gnoll shouts!
You shoot an arrow.
The arrow hits the gnoll but does no damage.
The gnoll closely misses you.
You shoot an arrow. The arrow closely misses the gnoll.
The gnoll hits you from afar with a +0 spear!
Ouch! That really hurt!
You shoot an arrow. The arrow closely misses the gnoll.
The gnoll hits you from afar with a +0 spear.
Ouch! That really hurt!
You die...

.# .# .# .# .#
g# ###.#
###.@.##
##...#..#
##...###.#
####.....##.#
..........#.#
#.............#
##.............#
#............#.#
#.....##8....#.#


You could see a gnoll.

Vanquished Creatures
  A ball python (D:1)
  2 endoplasms (D:1)
  A giant cockroach (D:1)
  A rat (D:1)
5 creatures vanquished.

Notes
Turn   | Place    | Note
-------+----------+-------------------------------------------
     0 | D:1      | qw the Spriggan Hunter began the quest for the Orb.
     0 | D:1      | Reached XP level 1. HP: 10/10 MP: 2/2
     0 | D:1      | 0 ||| qw: Version: 0.3-a-160-g6735b56
     0 | D:1      | 0 ||| qw: Game counter: 4880
     0 | D:1      | 0 ||| qw: Melee chars always use a shield: true
     0 | D:1      | 0 ||| qw: God list: Okawaru
     0 | D:1      | 0 ||| qw: Allow faded altars: false
     0 | D:1      | 0 ||| qw: Do Orc after clearing Dungeon:15 true
     0 | D:1      | 0 ||| qw: Do second Lair branch before Depths: true
     0 | D:1      | 0 ||| qw: Lair rune preference: random
     0 | D:1      | 0 ||| qw: Goals: Normal
     0 | D:1      | 0 ||| PLANNING D:1-11
     7 | D:1      | Reached skill level 3 in Dodging
    33 | D:1      | HP: 2/10 [gnoll/+0 spear (8)]
    34 | D:1      | Slain by a gnoll

Levels and vault maps discovered:
D:1:      eino_arrival_cavern_d, layout_basic, nicolae_nh_oracle_at_delphi

Skill      XL: |  1 |
---------------+----+-----
Dodging        | 3 |  3.5
Fighting       | |  1.5
Ranged Weapons | |  4.0
Stealth        | |  1.5

Action                     || total
---------------------------++-------
   Fire: Shortbow          ||    12
 Armour: Robe              ||     2
  Dodge: Dodged            ||     1

Table legend:
 A = Non-vault XP
 B = Vault XP
 C = Vault XP percentage of total XP
 D = Non-vault monster count
 E = Vault monster count
 F = Vault count percentage of total count
                 A         B        C        D         E       F
            +---------+---------+-------+---------+---------+-------
      Total |       9 |       0 |   0.0 |       5 |       0 |   0.0
            +---------+---------+-------+---------+---------+-------
        D:1 |       9 |       0 |   0.0 |       5 |       0 |   0.0
            +---------+---------+-------+---------+---------+-------
